| TOP OF THE 1ST |
|
Daytona Beach Islanders batting - Pitching for Dunedin Blue Jays : RHP Jay Aldrich
|
|
Pitching: RHP Jay Aldrich
|
|
|
Batting: SHB Michael Frierson
|
0-0: Foul Ball, location: 2F 0-1: Ground out U3 (Groundball, 3, EV 93.8 MPH)
|
|
Batting: RHB Kalvin Adams
|
0-0: Swinging Strike 0-1: Swinging Strike 0-2: Ball 1-2: Strikes out looking
|
|
Batting: SHB Randle Granger
|
0-0: Ball 1-0: Called Strike 1-1: Ball 2-1: Ball 3-1: Base on Balls
|
|
Batting: RHB Columbus Duncan
|
0-0: Ball 1-0: Ball 2-0: Foul Ball, location: 2F 2-1: Swinging Strike 2-2: Ball 3-2: Foul Ball, location: 2F 3-2: Base on Balls Randle Granger to second
|
|
Batting: LHB Danny Hernandez
|
0-0: SINGLE (Line Drive, 34, EV 97.5 MPH) Randle Granger to third Columbus Duncan to second Runner from 3rd tries for Home, SAFE, throw by RF to home Columbus Duncan to third Danny Hernandez to second
|
|
Batting: RHB Jeff Rutledge
|
0-0: Ball 1-0: Foul Ball, location: 2F 1-1: Swinging Strike 1-2: Strikes out swinging
|
| Top of the 1st over - 1 run, 1 hit, 0 errors, 2 left on base; Daytona Beach 1 - Dunedin 0 |
| BOTTOM OF THE 1ST |
|
Dunedin Blue Jays batting - Pitching for Daytona Beach Islanders : LHP Carlton Roberts
|
|
Pitching: LHP Carlton Roberts
|
|
|
Batting: SHB Ted Wilborn
|
0-0: Ground out 6-3 (Groundball, 56, EV 83.8 MPH)
|
|
Batting: RHB Brad Wellman
|
0-0: Ball 1-0: Ground out 4-3 (Groundball, 34, EV 90.6 MPH)
|
|
Batting: RHB Miguel Rodriguez
|
0-0: Called Strike 0-1: Called Strike 0-2: Ground out 5-3 (Groundball, 56S, EV 71.3 MPH)
|
| Bottom of the 1st over - 0 runs, 0 hits, 0 errors, 0 left on base; Daytona Beach 1 - Dunedin 0 |
| TOP OF THE 2ND |
|
Daytona Beach Islanders batting - Pitching for Dunedin Blue Jays : RHP Jay Aldrich
|
|
Batting: RHB Francisco Gonzalez
|
0-0: Called Strike 0-1: Ball 1-1: Foul Ball, location: 2F 1-2: Fly out, F9 (Line Drive, 9, EV 85.0 MPH)
|
|
Batting: RHB Jeffrey Coker
|
0-0: Ball 1-0: Ball 2-0: Foul Ball, location: 2F 2-1: Swinging Strike 2-2: Fly out, F8 (Flyball, 89S, EV 90.6 MPH)
|
|
Batting: RHB Robert Whitfield
|
0-0: Ground out 1-3 (Groundball, P, EV 66.9 MPH)
|
| Top of the 2nd over - 0 runs, 0 hits, 0 errors, 0 left on base; Daytona Beach 1 - Dunedin 0 |
| BOTTOM OF THE 2ND |
|
Dunedin Blue Jays batting - Pitching for Daytona Beach Islanders : LHP Carlton Roberts
|
|
Batting: RHB Jose Canseco
|
0-0: Ball 1-0: Fly out, F8 (Flyball, 8RS, EV 92.5 MPH)
|
|
Batting: LHB Monte McAbee
|
0-0: Called Strike 0-1: Foul Ball, location: 2F 0-2: Foul Ball, location: 2F 0-2: Foul Ball, location: 2F 0-2: Foul Ball, location: 2F 0-2: Ball 1-2: Ground out 6-3 (Groundball, 6M, EV 84.4 MPH)
|
|
Batting: RHB Jeff Bertoni
|
0-0: Called Strike 0-1: Ball 1-1: Foul Ball, location: 2F 1-2: Foul Ball, location: 2F 1-2: DOUBLE (Flyball, 78D, EV 91.9 MPH)
|
|
Batting: RHB David Hall
|
0-0: Called Strike 0-1: Foul Ball, location: 2F 0-2: Foul Ball, location: 2F 0-2: Ball 1-2: Ball 2-2: Foul Ball, location: 2F 2-2: Ball 3-2: Base on Balls
|
|
Batting: RHB Dave Hogg
|
0-0: Called Strike 0-1: DOUBLE (Line Drive, 9LM, EV 113.1 MPH) Jeff Bertoni scores David Hall to third Runner from 3rd tries for Home, SAFE, throw by RF to trailing runner, OUT at third! 9-3-5
|
| Bottom of the 2nd over - 2 runs, 2 hits, 0 errors, 0 left on base; Daytona Beach 1 - Dunedin 2 |
| TOP OF THE 3RD |
|
Daytona Beach Islanders batting - Pitching for Dunedin Blue Jays : RHP Jay Aldrich
|
|
Batting: SHB Michael Frierson
|
0-0: Swinging Strike 0-1: Called Strike 0-2: Strikes out swinging
|
|
Batting: RHB Kalvin Adams
|
0-0: Fly out, F9 (Line Drive, 9, EV 85.6 MPH)
|
|
Batting: SHB Randle Granger
|
0-0: SINGLE (Groundball, P, EV 81.9 MPH) (infield hit)
|
|
Batting: RHB Columbus Duncan
|
0-0: Called Strike 0-1: Ball 1-1: Ground out 4-3 (Groundball, 4S, EV 87.5 MPH)
|
| Top of the 3rd over - 0 runs, 1 hit, 0 errors, 1 left on base; Daytona Beach 1 - Dunedin 2 |
| BOTTOM OF THE 3RD |
|
Dunedin Blue Jays batting - Pitching for Daytona Beach Islanders : LHP Carlton Roberts
|
|
Batting: RHB Scott Richartz
|
0-0: Fly out, F7 (Flyball, 7LD, EV 88.8 MPH)
|
|
Batting: SHB Ted Wilborn
|
0-0: Ball 1-0: Ball 2-0: Called Strike 2-1: Swinging Strike 2-2: SINGLE (Line Drive, 34D, EV 95.6 MPH)
|
|
Batting: RHB Brad Wellman
|
0-0: Called Strike 0-1: Fly out, F7 (Line Drive, 7, EV 85.6 MPH)
|
|
Batting: RHB Miguel Rodriguez
|
0-0: Ball Ted Wilborn steals 2nd base 1-0: Ball 2-0: Called Strike 2-1: Ground out 6-3 (Groundball, 56, EV 90.0 MPH)
|
| Bottom of the 3rd over - 0 runs, 1 hit, 0 errors, 1 left on base; Daytona Beach 1 - Dunedin 2 |
| TOP OF THE 4TH |
|
Daytona Beach Islanders batting - Pitching for Dunedin Blue Jays : RHP Jay Aldrich
|
|
Batting: LHB Danny Hernandez
|
0-0: Ball 1-0: Ball 2-0: Ball 3-0: Base on Balls
|
|
Batting: RHB Jeff Rutledge
|
0-0: Called Strike 0-1: Swinging Strike 0-2: Ball 1-2: Ball 2-2: Ball 3-2: Strikes out looking
|
|
Batting: RHB Francisco Gonzalez
|
0-0: Called Strike 0-1: Swinging Strike 0-2: Ball 1-2: DOUBLE (Line Drive, 78M, EV 101.3 MPH) Danny Hernandez to third Runner from 3rd tries for Home, SAFE, throw by LF to home
|
|
Batting: RHB Jeffrey Coker
|
0-0: Ball 1-0: Called Strike 1-1: Ball 2-1: Ball 3-1: Base on Balls
|
|
Batting: RHB Robert Whitfield
|
0-0: Ball 1-0: Called Strike 1-1: Foul Ball, location: 2F 1-2: Strikes out swinging
|
|
Batting: SHB Michael Frierson
|
0-0: Ball 1-0: Called Strike 1-1: Ground out 4-3 (Groundball, 4, EV 80.6 MPH)
|
| Top of the 4th over - 1 run, 1 hit, 0 errors, 2 left on base; Daytona Beach 2 - Dunedin 2 |
| BOTTOM OF THE 4TH |
|
Dunedin Blue Jays batting - Pitching for Daytona Beach Islanders : LHP Carlton Roberts
|
|
Batting: RHB Jose Canseco
|
0-0: Swinging Strike 0-1: Called Strike 0-2: Foul Ball, location: 2F 0-2: Ball 1-2: Fly out, F9 (Flyball, 9S, EV 80.0 MPH)
|
|
Batting: LHB Monte McAbee
|
0-0: Ball 1-0: Ball 2-0: Called Strike 2-1: Ground out 1-3 (Groundball, 13S, EV 72.5 MPH)
|
|
Batting: RHB Jeff Bertoni
|
0-0: Called Strike 0-1: Ball 1-1: Ball 2-1: DOUBLE (Flyball, 89XD, EV 111.3 MPH)
|
|
Batting: RHB David Hall
|
0-0: Ball 1-0: Ball 2-0: Called Strike 2-1: Ball 3-1: Called Strike 3-2: Fly out, F8 (Flyball, 8RM, EV 82.5 MPH)
|
| Bottom of the 4th over - 0 runs, 1 hit, 0 errors, 1 left on base; Daytona Beach 2 - Dunedin 2 |
| TOP OF THE 5TH |
|
Daytona Beach Islanders batting - Pitching for Dunedin Blue Jays : RHP Jay Aldrich
|
|
Batting: RHB Kalvin Adams
|
0-0: SINGLE (Groundball, 6MD, EV 104.4 MPH)
|
|
Batting: SHB Randle Granger
|
0-0: Called Strike 0-1: Fielders Choice at 2nd, 5-4 (Groundball, 56, EV 83.1 MPH)
|
|
Batting: RHB Columbus Duncan
|
0-0: Ball 1-0: Called Strike Randle Granger steals 2nd base 1-1: Swinging Strike 1-2: Foul Ball, location: 2F 1-2: Strikes out swinging, 2-3 out at first.
|
|
Batting: LHB Danny Hernandez
|
0-0: Ball 1-0: Ball 2-0: Swinging Strike 2-1: Ball 3-1: Base on Balls
|
|
Batting: RHB Jeff Rutledge
|
0-0: Called Strike 0-1: Ball 1-1: Foul Ball, location: 2F 1-2: Ground out 6-3 (Groundball, 6S, EV 82.5 MPH)
|
| Top of the 5th over - 0 runs, 1 hit, 0 errors, 2 left on base; Daytona Beach 2 - Dunedin 2 |
| BOTTOM OF THE 5TH |
|
Dunedin Blue Jays batting - Pitching for Daytona Beach Islanders : LHP Carlton Roberts
|
|
Batting: RHB Dave Hogg
|
0-0: Called Strike 0-1: Ball 1-1: Ball 2-1: Foul Ball, location: 2F 2-2: Foul Ball, location: 2F 2-2: Fly out, F7 (Flyball, 7S, EV 89.4 MPH)
|
|
Batting: RHB Scott Richartz
|
0-0: Ground out 4-3 (Groundball, 4, EV 86.3 MPH)
|
|
Batting: SHB Ted Wilborn
|
0-0: Called Strike 0-1: SINGLE (Line Drive, 8LS, EV 93.8 MPH)
|
|
Batting: RHB Brad Wellman
|
0-0: Called Strike 0-1: Fly out, F8 (Flyball, 8RD, EV 85.0 MPH)
|
| Bottom of the 5th over - 0 runs, 1 hit, 0 errors, 1 left on base; Daytona Beach 2 - Dunedin 2 |
| TOP OF THE 6TH |
|
Daytona Beach Islanders batting - Pitching for Dunedin Blue Jays : RHP Jay Aldrich
|
|
Batting: RHB Francisco Gonzalez
|
0-0: Bunt missed! 0-1: SINGLE (Groundball, P, EV 100.0 MPH)
|
|
Batting: RHB Jeffrey Coker
|
0-0: Ball 1-0: Ball 2-0: Foul Ball, location: 2F 2-1: Fly out, F8 (Flyball, 8LXD, EV 100.6 MPH)
|
|
Batting: RHB Robert Whitfield
|
0-0: Called Strike 0-1: Ball 1-1: Grounds into double play, 6-4-3 (Groundball, 6, EV 103.1 MPH)
|
| Top of the 6th over - 0 runs, 1 hit, 0 errors, 0 left on base; Daytona Beach 2 - Dunedin 2 |
| BOTTOM OF THE 6TH |
|
Dunedin Blue Jays batting - Pitching for Daytona Beach Islanders : LHP Carlton Roberts
|
|
Batting: RHB Miguel Rodriguez
|
0-0: Ball 1-0: Fly out, F7 (Flyball, 7LS, EV 91.9 MPH)
|
|
Batting: RHB Jose Canseco
|
0-0: Ground out 6-3 (Groundball, 6, EV 82.5 MPH)
|
|
Batting: LHB Monte McAbee
|
0-0: Ball 1-0: Ball 2-0: Ground out 4-3 (Groundball, 4D, EV 95.6 MPH)
|
| Bottom of the 6th over - 0 runs, 0 hits, 0 errors, 0 left on base; Daytona Beach 2 - Dunedin 2 |
| TOP OF THE 7TH |
|
Daytona Beach Islanders batting - Pitching for Dunedin Blue Jays : RHP Jay Aldrich
|
|
Batting: SHB Michael Frierson
|
0-0: SINGLE (Groundball, 4M, EV 83.8 MPH) (infield hit)
|
|
Batting: RHB Kalvin Adams
|
0-0: Sac Bunt to 3S - play at first, batter OUT! 3-1 Michael Frierson to second
|
|
Batting: SHB Randle Granger
|
0-0: Intentional Walk
|
|
Batting: RHB Columbus Duncan
|
0-0: Ball 1-0: Grounds into double play, 6-4-3 (Groundball, 6, EV 90.0 MPH)
|
| Top of the 7th over - 0 runs, 1 hit, 0 errors, 1 left on base; Daytona Beach 2 - Dunedin 2 |
| BOTTOM OF THE 7TH |
|
Dunedin Blue Jays batting - Pitching for Daytona Beach Islanders : LHP Carlton Roberts
|
|
Batting: RHB Jeff Bertoni
|
0-0: SINGLE (Groundball, 4MD, EV 93.8 MPH)
|
|
Batting: RHB David Hall
|
0-0: Ball 1-0: Swinging Strike 1-1: Ball 2-1: Ball 3-1: Fly out, F7 (Flyball, 7S, EV 95.6 MPH)
|
|
Batting: RHB Dave Hogg
|
0-0: Ball 1-0: Ball 2-0: Ball 3-0: Base on Balls Jeff Bertoni to second
|
|
Batting: RHB Scott Richartz
|
0-0: Foul Ball, location: 2F 0-1: Foul Ball, location: 2F 0-2: Grounds into double play, 4-6-3 (Groundball, 34, EV 83.8 MPH)
|
| Bottom of the 7th over - 0 runs, 1 hit, 0 errors, 1 left on base; Daytona Beach 2 - Dunedin 2 |
| TOP OF THE 8TH |
|
Daytona Beach Islanders batting - Pitching for Dunedin Blue Jays : RHP Jay Aldrich
|
|
Batting: LHB Danny Hernandez
|
0-0: Ball 1-0: Ball 2-0: Ball 3-0: Called Strike 3-1: Ground out 6-3 (Groundball, 56, EV 102.5 MPH)
|
|
Batting: RHB Jeff Rutledge
|
0-0: Called Strike 0-1: Ground out 4-3 (Groundball, 4, EV 80.6 MPH)
|
|
Batting: RHB Francisco Gonzalez
|
0-0: Swinging Strike 0-1: Foul Ball, location: 2F 0-2: Ground out 4-3 (Groundball, 4M, EV 99.4 MPH)
|
| Top of the 8th over - 0 runs, 0 hits, 0 errors, 0 left on base; Daytona Beach 2 - Dunedin 2 |
| BOTTOM OF THE 8TH |
|
Dunedin Blue Jays batting - Pitching for Daytona Beach Islanders : LHP Carlton Roberts
|
|
Batting: SHB Ted Wilborn
|
0-0: Swinging Strike 0-1: Ball 1-1: Ball 2-1: Called Strike 2-2: Foul Ball, location: 2F 2-2: Foul Ball, location: 2F 2-2: Ball 3-2: Strikes out swinging
|
|
Batting: RHB Brad Wellman
|
0-0: Swinging Strike 0-1: SINGLE (Groundball, 34D, EV 110.6 MPH)
|
|
Batting: RHB Miguel Rodriguez
|
0-0: Ball 1-0: Called Strike 1-1: Foul Ball, location: 2F 1-2: Fly out, F7 (Flyball, 78XD, EV 98.1 MPH) Runner from 1st tags up, SAFE at 2nd
|
|
Batting: RHB Jose Canseco
|
0-0: Intentional Walk
|
|
Batting: LHB Monte McAbee
|
0-0: Foul Ball, location: 2F 0-1: Foul Ball, location: 2F 0-2: Ball 1-2: Fly out, F8 (Flyball, 8RD, EV 90.6 MPH)
|
| Bottom of the 8th over - 0 runs, 1 hit, 0 errors, 2 left on base; Daytona Beach 2 - Dunedin 2 |
| TOP OF THE 9TH |
|
Daytona Beach Islanders batting - Pitching for Dunedin Blue Jays : RHP Jay Aldrich
|
|
Pitching: LHP Carlos A Diaz
|
|
|
Batting: RHB Jeffrey Coker
|
0-0: Foul Ball, location: 2F 0-1: Ball 1-1: Ball 2-1: Swinging Strike 2-2: Ball 3-2: Strikes out swinging
|
|
Pinch Hitting: RHB Steven Roberts
|
0-0: Swinging Strike 0-1: Ball 1-1: Ball 2-1: Swinging Strike 2-2: SINGLE (Groundball, 56S, EV 60.6 MPH) (infield hit)
|
|
Batting: SHB Michael Frierson
|
0-0: Called Strike 0-1: Ball 1-1: Ball 2-1: Ball 3-1: Called Strike 3-2: Fly out, F3 (Popup, 23F, EV 84.4 MPH)
|
|
Batting: RHB Kalvin Adams
|
0-0: Called Strike 0-1: Swinging Strike 0-2: Ball 1-2: Foul Ball, location: 2F 1-2: Ball 2-2: Strikes out looking
|
| Top of the 9th over - 0 runs, 1 hit, 0 errors, 1 left on base; Daytona Beach 2 - Dunedin 2 |
| BOTTOM OF THE 9TH |
|
Dunedin Blue Jays batting - Pitching for Daytona Beach Islanders : LHP Carlton Roberts
|
|
Pitching: RHP Nelson Munoz
|
|
|
Now at 3B: Steven Roberts
|
|
|
Batting: RHB Jeff Bertoni
|
0-0: Called Strike 0-1: Fly out, F6 (Popup, 6S, EV 80.6 MPH)
|
|
Batting: RHB David Hall
|
0-0: Ball 1-0: Foul Ball, location: 2F 1-1: Ball 2-1: Foul Ball, location: 2F 2-2: Ball 3-2: Base on Balls
|
|
Batting: RHB Dave Hogg
|
0-0: Ball 1-0: Bunt missed! 1-1: Ball 2-1: Sac Bunt to 2L - play at first, batter OUT! 2-4 David Hall to second
|
|
Pinch Hitting: LHB Gary Fulton
|
0-0: Intentional Walk
|
|
Batting: SHB Ted Wilborn
|
0-0: Called Strike 0-1: Ball 1-1: Foul Ball, location: 2F 1-2: Ball 2-2: Ball Wild Pitch! David Hall to third Gary Fulton to second 3-2: Strikes out swinging
|
| Bottom of the 9th over - 0 runs, 0 hits, 0 errors, 2 left on base; Daytona Beach 2 - Dunedin 2 |
| TOP OF THE 10TH |
|
Daytona Beach Islanders batting - Pitching for Dunedin Blue Jays : LHP Carlos A Diaz
|
|
Now at SS: Mario Ramirez
|
|
|
Batting: SHB Randle Granger
|
0-0: Ball 1-0: Foul Ball, location: 2F 1-1: Swinging Strike 1-2: Foul Ball, location: 2F 1-2: Strikes out swinging
|
|
Batting: RHB Columbus Duncan
|
0-0: Called Strike 0-1: Called Strike 0-2: Ball 1-2: Ball 2-2: Ball 3-2: Ground out 5-3 (Groundball, 56, EV 79.4 MPH)
|
|
Batting: LHB Danny Hernandez
|
0-0: Ball 1-0: Ball 2-0: Ball 3-0: Called Strike 3-1: Base on Balls
|
|
Pitching: RHP Mickey Weston
|
|
|
Batting: RHB Jeff Rutledge
|
0-0: Ball 1-0: Ball 2-0: Foul Ball, location: 2F 2-1: Ground out 4-3 (Groundball, 4, EV 86.9 MPH)
|
| Top of the 10th over - 0 runs, 0 hits, 0 errors, 1 left on base; Daytona Beach 2 - Dunedin 2 |
| BOTTOM OF THE 10TH |
|
Dunedin Blue Jays batting - Pitching for Daytona Beach Islanders : RHP Nelson Munoz
|
|
Batting: RHB Brad Wellman
|
0-0: Ball 1-0: Ground out 6-3 (Groundball, 6, EV 103.1 MPH)
|
|
Batting: RHB Miguel Rodriguez
|
0-0: Foul Ball, location: 2F 0-1: Foul Ball, location: 2F 0-2: Strikes out looking
|
|
Batting: RHB Jose Canseco
|
0-0: Ball 1-0: Ball 2-0: Swinging Strike 2-1: Ball 3-1: Base on Balls
|
|
Pitching: RHP Pat Shackelford
|
|
|
Batting: LHB Monte McAbee
|
0-0: Ball 1-0: Ball 2-0: Ball 3-0: Base on Balls Jose Canseco to second
|
|
Batting: RHB Jeff Bertoni
|
0-0: Ball 1-0: Swinging Strike 1-1: Ball 2-1: Swinging Strike 2-2: Ball 3-2: Foul Ball, location: 2F 3-2: Base on Balls Jose Canseco to third Monte McAbee to second
|
|
Batting: RHB David Hall
|
0-0: Fly out, F7 (Flyball, 7LM, EV 90.0 MPH)
|
| Bottom of the 10th over - 0 runs, 0 hits, 0 errors, 3 left on base; Daytona Beach 2 - Dunedin 2 |
| TOP OF THE 11TH |
|
Daytona Beach Islanders batting - Pitching for Dunedin Blue Jays : RHP Mickey Weston
|
|
Batting: RHB Francisco Gonzalez
|
0-0: Fly out, F8 (Line Drive, 8LM, EV 91.3 MPH)
|
|
Batting: RHB Jeffrey Coker
|
0-0: Foul Ball, location: 2F 0-1: Called Strike 0-2: Foul Ball, location: 2F 0-2: Foul Ball, location: 2F 0-2: Foul Ball, location: 2F 0-2: Ball 1-2: Ball 2-2: Ball 3-2: Reached on error, E5 (Groundball, 5S, EV 62.5 MPH)
|
|
Batting: RHB Steven Roberts
|
0-0: 2-RUN HOME RUN (Flyball, 7D, EV 106.9 MPH), Distance : 389 ft
|
|
Batting: SHB Michael Frierson
|
0-0: Ball 1-0: Fly out, F8 (Flyball, 8LM, EV 90.0 MPH)
|
|
Batting: RHB Kalvin Adams
|
0-0: Ball 1-0: Called Strike 1-1: Ground out 5-3 (Groundball, 56S, EV 66.3 MPH)
|
| Top of the 11th over - 2 runs, 1 hit, 1 error, 0 left on base; Daytona Beach 4 - Dunedin 2 |
| BOTTOM OF THE 11TH |
|
Dunedin Blue Jays batting - Pitching for Daytona Beach Islanders : RHP Pat Shackelford
|
|
Now at 1B: Tarry Boelter
|
|
|
Batting: RHB Dave Hogg
|
0-0: Ball 1-0: Swinging Strike 1-1: Swinging Strike 1-2: Ball 2-2: Reached on error, E8 (Flyball, 8LXD, EV 79.4 MPH)
|
|
Pinch Hitting: RHB Wil Culmer
|
0-0: Ball 1-0: Foul Ball, location: 2F 1-1: Foul Ball, location: 2F 1-2: Strikes out swinging
|
|
Batting: SHB Ted Wilborn
|
0-0: Ball 1-0: Called Strike 1-1: Ball 2-1: Reached on error, E4 (Groundball, 4, EV 86.3 MPH) Dave Hogg to third
|
|
Batting: RHB Brad Wellman
|
0-0: Swinging Strike 0-1: Grounds into double play, 4-6-3 (Groundball, 34, EV 84.4 MPH)
|
| Bottom of the 11th over - 0 runs, 0 hits, 2 errors, 1 left on base; Daytona Beach 4 - Dunedin 2 |
|